 Dungeon Crawl Stone Soup version 0.31.0-11-ge490571c62 (webtiles) character file.

Game seed: 4725750898638328505

146 qw the Skirmisher (level 5, -3/29 HPs)
             Began as a Deep Elf Hunter on Feb 4, 2024.
             Slain by a goblin
             ... wielding a +0 dagger
             ... led by Robin
              (5 damage)
             ... on level 4 of the Dungeon.
             The game lasted 00:00:10 (2781 turns).

qw the Skirmisher (Deep Elf Hunter)                 Turns: 2781, Time: 00:00:10

Health: -3/29      AC:  6    Str: 13    XL:     5   Next: 7%
Magic:  16/16      EV: 11    Int: 14    God:
Gold:   184        SH:  0    Dex: 21    Spells: 4/4 levels left

rFire   . . .        h - +1 arbalest (freeze)
rCold   . . .        (shield currently unavailable)
rNeg    . . .        f - +0 ring mail
rPois   .            d - +0 helmet
rElec   .            (no cloak)
rCorr   .            (no gloves)
SInv    +            (no boots)
Will    .....        (no amulet)
Stlth   +            (no ring)
HPRegen 0.24/turn    c - ring of New Discoveries {+Blink MP+9 Str+3 Dex+3 SInv}
MPRegen 0.15/turn

%: no passive effects
@: about to teleport
A: no striking features
a: Evoke Blink


You were on level 4 of the Dungeon.
You visited 1 branch of the dungeon, and saw 4 of its levels.

You collected 184 gold pieces.


   Skills:
 - Level 1.5 Fighting
 + Level 8.5 Ranged Weapons
 - Level 2.4 Dodging
 - Level 1.2 Stealth


You had 4 spell levels left.
You didn't know any spells.
Your spell library was empty.

Inventory:

Hand Weapons
 h - a +1 arbalest of freezing (weapon)
Armour
 d - a +0 helmet (worn)
 f - a +0 ring mail (worn)
Jewellery
 c - the ring of New Discoveries (right hand) {+Blink MP+9 Str+3 Dex+3 SInv}
   (You found it on level 3 of the Dungeon)

   [ring of see invisible]

   Str+3:     It affects your strength (+3).
   Dex+3:     It affects your dexterity (+3).
   MP+9:      It affects your magic capacity (+9).
   SInv:      It lets you see invisible.
   +Blink:    It lets you blink.
 e - a ring of see invisible
Scrolls
 b - a scroll of teleportation
Potions
 a - a potion of lignification {unknown}
 g - a potion of resistance {unknown}
 i - a potion of haste {unknown}

Dungeon Overview and Level Annotations

Branches:
Dungeon (4/15)
 Temple: D:4-7

Altars:
Cheibriados

Annotations:
D:3 1 runed translucent door, Crazy Yiuf
D:4 Robin


Message History

The goblin barely misses you.
You shoot a bolt. The bolt barely misses the goblin.
The goblin shouts!
The goblin barely misses you.
You shoot a bolt. The bolt hits the goblin!!
The bolt freezes the goblin.
You kill the goblin!
The goblin unwields a +0 club.
The goblin wields a +0 sling of electrocution.
You hear the crackle of electricity.
The goblin shoots a sling bullet.
The sling bullet hits you but does no damage.
The goblin barely misses you.
A goblin comes into view. It is wielding a +0 club.
The goblin shoots a sling bullet.
The sling bullet hits you but does no damage.
You are electrocuted!
You shoot a bolt. The bolt misses the goblin.
The goblin shouts!
The goblin hits you but does no damage.
The goblin shoots a sling bullet.
The sling bullet hits you.
You are electrocuted!
Ouch! That really hurt!
The goblin hits you with a +0 club.
A goblin comes into view. It is wielding a +0 dagger.
The goblin shouts!
You hear an angry growl.
2779 ||| READING 2 scrolls of teleportation.
As you read the scroll of teleportation, it crumbles to dust.
You feel strangely unstable. The goblin hits you but does no damage.
Robin of the Strong Arm comes into view.
They are wielding a +0 spear.
You shoot a bolt. The bolt hits the goblin!
The bolt freezes the goblin.
You kill the goblin!
The goblin shoots a sling bullet.
The sling bullet hits you.
You hear a shout!
You shoot a bolt. The bolt hits the goblin!!
The bolt freezes the goblin.
You kill the goblin!
Robin throws the goblin at you! The goblin hits you but does no damage.
Robin roars a battlecry!
The goblins go into a battle-frenzy!
The goblin hits you with a +0 dagger.
You die...

##. ##.. ####...
.###.....#
.........#######
...........g...)
........)).)).g.
.......g@# .........#
.....###.# ##... ....
#.## ....... .. #..#
#........ ##.##
#........ ####...#
##........
##......#####.........
............#..........


You could see Robin and 2 goblins.

Vanquished Creatures
  Terence (D:3)
  5 adders
  6 dart slugs
  10 ball pythons
  4 endoplasms
  2 giant cockroaches
  7 goblins
  6 hobgoblins
  2 jackals (D:2)
  4 bats
  3 frilled lizards
  10 kobolds
  4 rats
64 creatures vanquished.

Notes
Turn   | Place    | Note
-------+----------+-------------------------------------------
     0 | D:1      | qw the Deep Elf Hunter began the quest for the Orb.
     0 | D:1      | Reached XP level 1. HP: 12/12 MP: 3/3
     0 | D:1      | 0 ||| qw: Version: 0.3-a-160-g6735b56
     0 | D:1      | 0 ||| qw: Game counter: 4879
     0 | D:1      | 0 ||| qw: Melee chars always use a shield: true
     0 | D:1      | 0 ||| qw: God list: Okawaru
     0 | D:1      | 0 ||| qw: Allow faded altars: false
     0 | D:1      | 0 ||| qw: Do Orc after clearing Dungeon:15 true
     0 | D:1      | 0 ||| qw: Do second Lair branch before Depths: true
     0 | D:1      | 0 ||| qw: Lair rune preference: random
     0 | D:1      | 0 ||| qw: Goals: Normal
     0 | D:1      | 0 ||| PLANNING D:1-11
   133 | D:1      | Reached XP level 2. HP: 16/16 MP: 4/4
   209 | D:1      | Reached skill level 6 in Ranged Weapons
   988 | D:1      | Reached XP level 3. HP: 20/20 MP: 5/5
  1062 | D:1      | 1062 ||| UPGRADING to +0 helmet.
  1067 | D:1      | 1067 ||| UPGRADING to +0 ring mail.
  1077 | D:1      | 1077 ||| DROPPING +0 leather armour.
  1078 | D:1      | 1078 ||| UPGRADING to ring of see invisible.
  1079 | D:1      | 1079 ||| DROPPING ring of wizardry.
  1080 | D:1      | 1080 ||| READING scroll labelled YVVUWK BOYMP.
  1081 | D:1      | 1081 ||| READING scroll labelled QUUSSUYJAU.
  1082 | D:1      | 1082 ||| READING scroll labelled QUCLIM ZOGH.
  1083 | D:1      | 1083 ||| READING scroll labelled QEYTUL XOFAY.
  1083 | D:1      | 1083 ||| ENCHANTING +0 shortbow.
  1084 | D:1      | 1084 ||| READING scroll labelled GAMPOTTOQAL.
  1084 | D:1      | 1084 ||| IDENTIFYING ruby potion
  1085 | D:1      | 1085 ||| READING scroll labelled WUTUORGH GUWI.
  1086 | D:1      | 1086 ||| DRINKING 2 lumpy pink potions.
  1087 | D:1      | 1087 ||| DROPPING scroll of butterflies.
  1088 | D:1      | 1088 ||| DROPPING potion of degeneration.
  1089 | D:1      | 1089 ||| DROPPING potion of attraction.
  1214 | D:2      | Reached skill level 7 in Ranged Weapons
  1724 | D:2      | 1724 ||| READING 3 scrolls labelled USMOEC KYRELIL.
  1728 | D:2      | 1728 ||| READING scroll labelled ALOPPIDALO.
  1729 | D:2      | 1729 ||| READING scroll labelled NOTUTWAORCH.
  1730 | D:2      | 1730 ||| READING scroll labelled IKKENNOI TITUGH.
  1731 | D:2      | 1731 ||| DRINKING 2 fuming black potions.
  1732 | D:2      | 1732 ||| FLEEEEING.
  1733 | D:2      | 1733 ||| FLEEEEING.
  1734 | D:2      | 1734 ||| FLEEEEING.
  1735 | D:2      | 1735 ||| FLEEEEING.
  1736 | D:2      | 1736 ||| FLEEEEING.
  1737 | D:2      | 1737 ||| FLEEEEING.
  1738 | D:2      | 1738 ||| FLEEEEING.
  1739 | D:2      | 1739 ||| FLEEEEING.
  1740 | D:2      | 1740 ||| FLEEEEING.
  1741 | D:2      | 1741 ||| FLEEEEING.
  1742 | D:2      | 1742 ||| FLEEEEING.
  1743 | D:2      | 1743 ||| FLEEEEING.
  1744 | D:2      | 1744 ||| FLEEEEING.
  1745 | D:2      | 1745 ||| FLEEEEING.
  1746 | D:2      | 1746 ||| FLEEEEING.
  1747 | D:2      | 1747 ||| FLEEEEING.
  1748 | D:2      | 1748 ||| FLEEEEING.
  1749 | D:2      | 1749 ||| FLEEEEING.
  1750 | D:2      | 1750 ||| FLEEEEING.
  1751 | D:2      | 1751 ||| FLEEEEING.
  1752 | D:2      | 1752 ||| FLEEEEING.
  1753 | D:2      | 1753 ||| FLEEEEING.
  1754 | D:2      | 1754 ||| FLEEEEING.
  1755 | D:2      | 1755 ||| FLEEEEING.
  1756 | D:2      | 1756 ||| STAIRDANCE
  1858 | D:1      | 1858 ||| DROPPING potion of berserk rage.
  1936 | D:3      | Identified the ring of New Discoveries {+Blink MP+9 Str+3
                  | Dex+3 SInv}
  1948 | D:3      | Reached XP level 4. HP: 25/25 MP: 6/6
  1961 | D:3      | 1961 ||| SWAPPING to +0 arbalest of freezing.
  1962 | D:3      | 1962 ||| DROPPING +1 shortbow.
  2037 | D:3      | Noticed Terence
  2044 | D:3      | Killed Terence
  2045 | D:3      | Reached skill level 8 in Ranged Weapons
  2108 | D:3      | Found a snail-covered altar of Cheibriados.
  2227 | D:3      | Found a runed translucent door.
  2228 | D:3      | Noticed Crazy Yiuf
  2545 | D:3      | 2545 ||| READING scroll of enchant weapon.
  2545 | D:3      | 2545 ||| ENCHANTING +0 arbalest of freezing.
  2630 | D:3      | 2630 ||| UPGRADING to ring of New Discoveries {+Blink MP+9
                  | Str+3 Dex+3 SInv}.
  2631 | D:3      | 2631 ||| REMOVING ring of see invisible.
  2696 | D:3      | 2696 ||| READING 2 scrolls labelled FENGIA DEFUL.
  2697 | D:3      | 2697 ||| DROPPING scroll of blinking.
  2752 | D:4      | Reached XP level 5. HP: 29/29 MP: 7/7
  2778 | D:4      | HP: 6/29 [goblin/sling bullet[Robin] (15)]
  2779 | D:4      | 2779 ||| READING 2 scrolls of teleportation.
  2779 | D:4      | Noticed Robin
  2780 | D:4      | HP: 2/29 [goblin/sling bullet[Robin] (2)]
  2781 | D:4      | Slain by a goblin

Levels and vault maps discovered:
D:1:      minmay_arrival_four_loops, layout_basic, minmay_heptomino_l4
D:2:      layout_loops_ring
D:3:      minmay_razor_zed, layout_rooms, cheibriados_altar_1,
          uniq_crazy_yiuf_cottage, uniq_terence
D:4:      layout_layer_cave, kennysheep_mini, uniq_eustachio, uniq_robin

Skill      XL: |  1  2  3  4 |
---------------+-------------+-----
Ranged Weapons | 6 7 8 |  8.5
Fighting       | |  1.5
Dodging        | |  2.4
Stealth        | |  1.2

Action                     |  1- 3 |  4- 6 || total
---------------------------+-------+-------++-------
   Fire: Shortbow          |   112 |       ||   112
         Arbalest          |       |    50 ||    50
    Use: Scroll            |    10 |     3 ||    13
         Potion            |     2 |       ||     2
 Armour: Leather armour    |     9 |       ||     9
         Ring mail         |    13 |    26 ||    39
  Dodge: Dodged            |    37 |    18 ||    55

Table legend:
 A = Non-vault XP
 B = Vault XP
 C = Vault XP percentage of total XP
 D = Non-vault monster count
 E = Vault monster count
 F = Vault count percentage of total count
                 A         B        C        D         E       F
            +---------+---------+-------+---------+---------+-------
      Total |     132 |      79 |  37.4 |      45 |      19 |  29.7
            +---------+---------+-------+---------+---------+-------
        D:1 |      37 |       6 |  14.0 |      20 |       3 |  13.0
        D:2 |      46 |       0 |   0.0 |      13 |       0 |   0.0
        D:3 |      41 |      64 |  61.0 |       9 |      11 |  55.0
        D:4 |       8 |       9 |  52.9 |       3 |       5 |  62.5
            +---------+---------+-------+---------+---------+-------
